 Dungeon Crawl Stone Soup version 0.31.0-2-g5a2aebc5c2 (webtiles) character file.

Game seed: 2592492304704202795

179 ssalbiz the Chopper (level 5, -2/45 HPs)
             Began as a Minotaur Berserker on Jan 21, 2024.
             Was a Believer of Trog.
             Slain by an orc wizard
             ... wielding a +2 dagger of venom
              (4 damage)
             ... on level 3 of the Dungeon.
             The game lasted 00:01:44 (2191 turns).

ssalbiz the Chopper (Minotaur Berserker)            Turns: 2191, Time: 00:01:44

Health: -2/45      AC:  2    Str: 23    XL:     5   Next: 32%
Magic:  4/4        EV: 12    Int:  4    God:    Trog [**....]
Gold:   125        SH:  0    Dex: 10    Spells: 4/4 levels left

rFire   . . .        a - +0 hand axe
rCold   . . .        (no shield)
rNeg    . . .        b - +0 animal skin
rPois   .            (helmet restricted)
rElec   .            (no cloak)
rCorr   .            (no gloves)
SInv    .            (no boots)
Will    .....        (no amulet)
Stlth   +            (no ring)
HPRegen 0.27/turn    (no ring)
MPRegen 0.09/turn

%: no passive effects
@: confused, lethally poisoned (-2 -> -11), attractive, invisible
A: horns 2, retaliatory headbutt
a: Renounce Religion, Berserk, Trog's Hand


You were on level 3 of the Dungeon.
You worshipped Trog.
Trog was pleased with you.
You visited 1 branch of the dungeon, and saw 3 of its levels.

You collected 125 gold pieces.

Inventory:

Hand Weapons
 a - a +0 hand axe (weapon)
Armour
 b - a +0 animal skin (worn)
Jewellery
 j - an amulet of faith
 k - a ring of protection from fire
 n - a +6 ring of dexterity
Scrolls
 c - a scroll of amnesia {unknown}
 d - a scroll of enchant weapon {unknown}
 e - a scroll of enchant armour {unknown}
 h - a scroll of torment {unknown}
 p - a scroll of teleportation {unknown}
Potions
 f - 4 potions of invisibility
 i - a potion of curing {unknown}
 l - a potion of magic {unknown}
 m - a potion of berserk rage {unknown}
 o - a potion of enlightenment {unknown}


   Skills:
 - Level 3.6 Fighting
 + Level 7.3 Axes
 - Level 2.4 Armour
 - Level 2.1 Dodging


You had 4 spell levels left.
You didn't know any spells.
Your spell library was empty.

Dungeon Overview and Level Annotations

Branches:
Dungeon (3/15)

Altars:
Ashenzari
Fedhas
Makhleb
Okawaru

Shops:
D:1 (


Innate Abilities, Weirdness & Mutations

You have a pair of horns on your head.
You reflexively headbutt those who attack you in melee.


Message History

You hit the orc wizard.
The orc wizard is moderately wounded.
The orc priest hits you from afar with a +0 trident.
The orc wizard hits you with a +2 dagger of venom.
You are poisoned.
There are monsters nearby!
You closely miss the orc wizard.
The orc wizard is moderately wounded.
You feel sick.
The orc priest looks braver for a moment.
The orc wizard hits you with a +2 dagger of venom.
You are more poisoned.
There are monsters nearby!
You barely miss the orc wizard.
The orc wizard is moderately wounded.
You feel sick. The orc priest misses you.
The orc wizard hits you but does no damage.
You are more poisoned.
There are monsters nearby!
You barely miss the orc wizard.
The orc wizard is moderately wounded.
You feel very sick.
The orc priest mumbles some strange prayers to Beogh against you.
Beogh smites you!
* * * LOW HITPOINT WARNING * * *
The orc wizard gestures at you while chanting.
You are confused.
It was a potion of invisibility.
You fade into invisibility!
* * * LOW HITPOINT WARNING * * *
You feel very sick. The orc priest closely misses you.
The orc wizard hits you with a +2 dagger of venom.
* * * LOW HITPOINT WARNING * * *
It was a potion of attraction.
You feel attractive to monsters.
* * * LOW HITPOINT WARNING * * *
You feel sick. The orc priest closely misses you.
The orc wizard hits you with a +2 dagger of venom.
You die...

#......# ###.#.#.####.
#......# #.....<......
#......#.####.##..#.###.
#......#................
#......#.####..#...###..
#.......#.......
######..........
.....#.o.#####.#.#
.....o.@).........
##################


You could see an orc priest (unable to see you) and an orc wizard (unable to see
you).

Vanquished Creatures
  A hound (D:3)
  2 orc priests (D:3)
  2 adders
  A ribbon worm (D:2)
  5 orcs (D:3)
  5 bats
  7 endoplasms
  3 giant cockroaches
  9 goblins
  3 hobgoblins
  2 quokkas
  4 ball pythons
  2 frilled lizards (D:1)
  10 kobolds
  6 rats
62 creatures vanquished.

Notes
Turn   | Place    | Note
-------+----------+-------------------------------------------
     0 | D:1      | ssalbiz the Minotaur Berserker began the quest for the Orb.
     0 | D:1      | Reached XP level 1. HP: 19/19 MP: 0/0
    31 | D:1      | Found Tudiepiw's Antique Weapon Shop.
    54 | D:1      | Reached skill level 4 in Axes
   136 | D:1      | Reached XP level 2. HP: 22/26 MP: 1/1
   484 | D:1      | Reached skill level 5 in Axes
   519 | D:1      | Reached ** piety under Trog
   575 | D:1      | Reached XP level 3. HP: 28/31 MP: 2/2
  1000 | D:2      | Found a faded altar of an unknown god.
  1628 | D:3      | Found an iron altar of Okawaru.
  1717 | D:3      | Reached skill level 6 in Axes
  1717 | D:3      | Reached XP level 4. HP: 38/39 MP: 3/3
  2018 | D:3      | Found a burning altar of Makhleb.
  2018 | D:3      | Found a broken altar of Ashenzari.
  2018 | D:3      | Found a blossoming altar of Fedhas.
  2028 | D:3      | Reached skill level 7 in Axes
  2028 | D:3      | Reached XP level 5. HP: 45/45 MP: 4/4
  2191 | D:3      | HP: 2/45 [poisoned by an orc wizard]
  2191 | D:3      | Slain by an orc wizard

Illustrated notes

Levels and vault maps discovered:
D:1:      ebering_trefoil_twist, layout_basic, serial_forest,
          infiniplex_forest_straight_4, infiniplex_forest_fountain,
          infiniplex_forest_clump_double, infiniplex_forest_clump_long,
          infiniplex_forest_clump_long, infiniplex_forest_lined_room_2,
          serial_shops, nicolae_shop_temple_entry_statues_fountains
D:2:      layout_basic, shapermc_ecumenical_altar_notcrosses
D:3:      layout_basic, grunt_temple_overflow_open, serial_curves,
          eino_curves_04, eino_curves_02, minmay_randomly_rotated_circles

Skill      XL: |  1  2  3  4 |
---------------+-------------+-----
Axes           | 4 5 6 7 |  7.3
Fighting       | |  3.6
Armour         | |  2.4
Dodging        | |  2.1

Action                     |  1- 3 |  4- 6 || total
---------------------------+-------+-------++-------
  Melee: Hand axe          |    80 |    43 ||   123
         Headbutt          |    13 |     8 ||    21
 Invoke: Berserk           |       |     1 ||     1
    Use: Potion            |       |     2 ||     2
 Armour: Animal skin       |    49 |    16 ||    65
  Dodge: Dodged            |    50 |    16 ||    66
